AoeStats
← VZousza

Black Forest

507898586Analyzed
3v3 RM · 12d ago on Sep 20, 2026· 51m 43s· 6 players
Game mode
Random Map
Map size
Normal (6 player)
Population
200
Speed
Normal
Resources
Standard
Victory
Conquest
Starting age
Dark Age
Ending age
Imperial Age
RankedLock teamsTeams togetherTeam positionsShared explorationLock speedFull tech treeHidden civsTurbo modeCheats
Victory
Defeat
🇨🇴 Bohemians · Colombia
741
+7
🇺🇸 Persians · United States
733
+7
🇺🇸 Japanese · United States
590
+11
🇵🇪 Gurjaras · Peru
540
-9
🇵🇪 Spanish · Peru
525
-9
🇵🇪 Persians · Peru
478
-7
FuzzyOctopus7
0:39 Loom
15:42 Feudal Age
21:31 Double-Bit Axe
22:22 Town Watch
28:06 Castle Age
39:18 Bow Saw
41:18 Forging
41:09 Padded Archer Armor
40:59 Fletching
45:05 Imperial Age
43:13 Gold Mining
46:10 Ballistics
45:24 Heavy Cavalry Archer
46:32 Parthian Tactics
46:47 Parthian Tactics
47:25 Bodkin Arrow
48:02 Elite Samurai
49:17 Kataparuto
RadCargo6254
0:42 Loom
14:06 Feudal Age
14:28 Man-at-Arms
17:28 Double-Bit Axe
17:57 Fletching
18:18 Forging
22:15 Scale Barding Armor
22:22 Gold Mining
22:23 Stone Mining
24:23 Wheelbarrow
23:33 Town Watch
24:18 Horse Collar
29:13 Castle Age
30:03 Town Patrol
30:18 Hand Cart
31:04 Light Cavalry
34:02 Gold Shaft Mining
33:47 Murder Holes
34:37 Ballistics
35:53 Kamandaran
45:19 Stone Shaft Mining
48:01 Imperial Age
45:49 Masonry
47:46 Caravan
49:48 Guilds
50:25 Heavy Plow
50:49 Bow Saw
Sicsaccic
12:42 Feudal Age
13:13 Double-Bit Axe
15:23 Horse Collar
20:38 Castle Age
21:45 Bow Saw
22:27 Wheelbarrow
21:56 Heavy Plow
28:10 Hand Cart
27:40 Loom
28:31 Hand Cart
28:04 Loom
28:44 Murder Holes
29:51 Chemistry
28:49 Fletching
29:22 Ballistics
29:56 Town Watch
30:18 Bodkin Arrow
30:23 Padded Archer Armor
34:26 Treadmill Crane
35:01 Masonry
36:00 Wagenburg Tactics
35:59 Pikeman
36:41 Squires
37:57 Leather Archer Armor
40:28 Imperial Age
39:20 Caravan
44:49 Two-Man Saw
43:32 Elite Hussite Wagon
43:45 Elite Hussite Wagon
45:21 Siege Engineers
45:46 Architecture
45:59 Ring Archer Armor
45:30 Bracer
45:40 Forging
45:32 Scale Mail Armor
45:37 Scale Barding Armor
46:36 Hussite Reforms
46:53 Hussite Reforms
47:20 Conscription
50:43 Chain Barding Armor
50:38 Chain Mail Armor
50:59 Iron Casting
50:16 Arrowslits
50:56 Guilds
51:17 Coinage
51:23 Coinage
Blues
4:06 Loom
18:32 Feudal Age
19:06 Double-Bit Axe
19:15 Gold Mining
21:15 Wheelbarrow
21:02 Horse Collar
30:38 Castle Age
31:01 Scale Barding Armor
34:28 Chain Barding Armor
36:01 Hand Cart
38:17 Imperial Age
41:13 Plate Barding Armor
40:01 Elite Conquistador
41:25 Heavy Plow
42:45 Chemistry
42:54 Fortified Wall
47:24 Conscription
48:51 Hoardings
48:56 Ballistics
VZousza
0:42 Loom
11:53 Feudal Age
13:11 Wheelbarrow
12:46 Double-Bit Axe
19:49 Town Watch
19:28 Man-at-Arms
23:27 Fletching
25:17 Horse Collar
28:43 Stone Mining
38:09 Castle Age
Kanoツユ☂
1:06 Loom
18:40 Feudal Age
19:12 Double-Bit Axe
19:24 Gold Mining
19:17 Horse Collar
25:25 Town Watch
26:34 Stone Mining
30:27 Bloodlines
32:22 Castle Age
30:32 Scale Barding Armor
30:27 Fletching
31:33 Wheelbarrow
33:39 Bow Saw
34:49 Kamandaran
36:36 Parthian Tactics
39:27 Chain Barding Armor
39:03 Bodkin Arrow
39:10 Padded Archer Armor
39:17 Husbandry
39:25 Thumb Ring
46:57 Imperial Age
44:54 Leather Archer Armor
44:46 Caravan
46:30 Ballistics
46:31 Masonry
46:29 Murder Holes
46:25 Light Cavalry
46:34 Cavalier
49:16 Chemistry
48:53 Town Patrol
48:56 Elite Skirmisher
50:02 Savar
Connection lost

Rejoining the realm…

Still unreachable

The connection could not be restored.

Session expired

The server has moved on; the page needs a fresh start.